[Event "Yuri Averbakh's 85-jubilee "]
[Site "CCC"]
[Date "2007.02.27"]
[Round "5"]
[White "Murzin, Lenar"]
[Black "Dimukhametov, Artur"]
[Result "0-1"]
[ECO "E11"]
[WhiteElo "2205"]
[BlackElo "2211"]
[Annotator "Deniapkin,Konstantin"]
[PlyCount "70"]
[TimeControl "180"]

{48MB, Shredder9.ctg, COMPUTER} 1. d4 Nf6 2. Nf3 e6 3. c4 Bb4+ 4. Nbd2 O-O 5.
a3 Be7 6. e4 d5 7. Qc2 c5 8. dxc5 dxe4 9. Nxe4 Nxe4 10. Qxe4 Bxc5 11. Bd3 f5
12. Qe2 Nc6 13. O-O e5 14. Nxe5 Nxe5 15. Qxe5 Bxf2+ 16. Rxf2 Qxd3 17. Bf4 Qxc4
18. Rc1 Qe6 19. Rc7 Rf7 20. Rd2 Qb6+ 21. Kh1 Be6 22. Rc1 Re8 23. h3 Bd7 24.
Rxd7 Rxe5 25. Rc8+ Rf8 26. Rxf8+ Kxf8 27. Bxe5 g5 28. Rxh7 Qb5 29. Bc3 g4 30.
Kh2 Qd3 31. hxg4 fxg4 32. Rg7 Qd6+ 33. Kg1 Qg3 34. Kf1 Qf4+ 35. Ke2 g3 0-1

[Event "Yuri Averbakh's 85-jubilee "]
[Site "CCC"]
[Date "2007.02.27"]
[Round "5"]
[White "Davletshin, Mars"]
[Black "Alyautdinov, Rushan"]
[Result "0-1"]
[ECO "A43"]
[WhiteElo "2112"]
[BlackElo "2186"]
[Annotator "Deniapkin,Konstantin"]
[PlyCount "68"]
[TimeControl "180"]

{48MB, Shredder9.ctg, COMPUTER} 1. d4 c5 2. Nf3 cxd4 3. Nxd4 d5 4. c4 e5 5. Nf3
d4 6. e3 Nc6 7. exd4 exd4 8. Bd3 g6 9. O-O Bg7 10. Re1+ Nge7 11. Bg5 O-O 12.
Nbd2 Be6 13. Ne4 Qc7 14. Qd2 a5 15. Bf4 Qb6 16. a3 a4 17. Bh6 Nf5 18. Bxg7 Kxg7
19. g4 Nfe7 20. Qf4 f6 21. c5 Qd8 22. Nd6 Qd7 23. h3 Bf7 24. Nxd4 Nd5 25. Qe4
Rae8 26. N4f5+ gxf5 27. Nxf5+ Kh8 28. Qxa4 Bg6 29. Bc2 Bxf5 30. Bxf5 Qc7 31.
Qb3 Nf4 32. Rad1 Nd4 33. Rxe8 Rxe8 34. Qa4 Qe5 0-1

[Event "Yuri Averbakh's 85-jubilee "]
[Site "CCC"]
[Date "2007.03.01"]
[Round "6"]
[White "Alyautdinov, Rushan"]
[Black "Murzin, Lenar"]
[Result "1/2-1/2"]
[ECO "C78"]
[WhiteElo "2186"]
[BlackElo "2205"]
[Annotator "Deniapkin,Konstantin"]
[PlyCount "102"]
[TimeControl "180"]

{48MB, Shredder9.ctg, COMPUTER} 1. e4 e5 2. Nf3 Nc6 3. Bb5 a6 4. Ba4 Nf6 5. O-O
b5 6. Bb3 Bb7 7. Re1 Bc5 8. c3 d6 9. d4 Bb6 10. d5 Ne7 11. Nbd2 O-O 12. Nf1 c6
13. dxc6 Bxc6 14. Ng3 Qc7 15. Be3 Rad8 16. Bxb6 Qxb6 17. Qc2 Nd7 18. Qe2 Nc5
19. Bc2 Ne6 20. Rad1 Nf4 21. Qe3 Qxe3 22. fxe3 Ne6 23. Rd2 Rd7 24. Red1 Rfd8
25. Kf2 g6 26. Ke2 Kg7 27. Ra1 Rb8 28. Rad1 Rbd8 29. Ra1 Nc8 30. a4 Rb7 31.
axb5 Bxb5+ 32. Kf2 Rc7 33. Bb3 Nc5 34. Bc2 Ne6 35. Bd3 Nb6 36. Bxb5 axb5 37.
Rdd1 Na4 38. Rd2 Kf6 39. Rad1 Ke7 40. Ne1 Rc6 41. Nd3 Nb6 42. Nb4 Rc5 43. Ra1
Na4 44. Rad1 Nb6 45. Ra1 Na4 46. Rad1 Nc7 47. Ne2 Ne8 48. Nc1 Nf6 49. Kf3 Nb6
50. Ncd3 Rcc8 51. Nxe5 Nc4 1/2-1/2

[Event "Yuri Averbakh's 85-jubilee "]
[Site "CCC"]
[Date "2007.03.01"]
[Round "6"]
[White "Dimukhametov, Artur"]
[Black "Moukhametov, Alfat"]
[Result "1-0"]
[ECO "D35"]
[WhiteElo "2211"]
[BlackElo "2089"]
[Annotator "Deniapkin,Konstantin"]
[PlyCount "77"]
[TimeControl "180"]

{48MB, Shredder9.ctg, COMPUTER} 1. d4 Nf6 2. c4 e6 3. Nc3 d5 4. cxd5 exd5 5.
Bg5 Be7 6. e3 Bf5 7. Bxf6 Bxf6 8. Qb3 Nd7 9. Qxd5 Be6 10. Qe4 c6 11. Bc4 Qe7
12. Bxe6 fxe6 13. Nf3 O-O 14. O-O Rae8 15. Rad1 Nb6 16. Nd2 e5 17. d5 cxd5 18.
Nxd5 Nxd5 19. Qxd5+ Kh8 20. Ne4 Bh4 21. Qb5 Rd8 22. g3 Bf6 23. Qa4 a6 24. a3
Qc7 25. Rxd8 Rxd8 26. Rd1 Rxd1+ 27. Qxd1 h6 28. Kg2 Qc6 29. Qf3 Be7 30. h4 Qb5
31. Qf7 Qd3 32. Qf5 Qd5 33. Kh2 Qb5 34. Qe6 Bf8 35. Qf7 Bc5 36. b4 Ba7 37. Nd6
Qe2 38. Ne8 Qg4 39. f3 1-0

[Event "Yuri Averbakh's 85-jubilee "]
[Site "CCC"]
[Date "2007.03.01"]
[Round "6"]
[White "Gavariev, Renat"]
[Black "Mironov, Vyacheslav"]
[Result "1-0"]
[ECO "A44"]
[WhiteElo "2309"]
[BlackElo "2025"]
[Annotator "Deniapkin,Konstantin"]
[PlyCount "69"]
[TimeControl "180"]

{48MB, Shredder9.ctg, COMPUTER} 1. d4 c5 2. d5 e5 3. e4 d6 4. Nc3 Be7 5. Nf3 a6
6. a4 Bg4 7. Bd3 Bxf3 8. Qxf3 Bg5 9. Bxg5 Qxg5 10. h4 Qd8 11. Qg3 Qf6 12. Nd1
Nd7 13. Ne3 Ne7 14. a5 Qg6 15. Nc4 Nc8 16. Qxg6 hxg6 17. Kd2 Nf6 18. g3 Nh5 19.
b4 cxb4 20. Rhb1 Kd7 21. Rxb4 Kc7 22. Ra3 Rb8 23. Rc3 Kd7 24. Rcb3 Kc7 25. Nb2
Ne7 26. Na4 f5 27. c4 Nf6 28. c5 Nxe4+ 29. Bxe4 fxe4 30. cxd6+ Kxd6 31. Rb6+
Kxd5 32. Nc3+ Kc4 33. R3b4+ Kc5 34. Nxe4+ Kd5 35. Rd6# 1-0

[Event "Yuri Averbakh's 85-jubilee "]
[Site "CCC"]
[Date "2007.03.01"]
[Round "6"]
[White "Sadykov, Aidar"]
[Black "Davletshin, Mars"]
[Result "0-1"]
[ECO "C98"]
[WhiteElo "2266"]
[BlackElo "2112"]
[Annotator "Deniapkin,Konstantin"]
[PlyCount "126"]
[TimeControl "180"]

{48MB, Shredder9.ctg, COMPUTER} 1. e4 e5 2. Nf3 Nc6 3. Bb5 a6 4. Ba4 Nf6 5. O-O
Be7 6. Re1 b5 7. Bb3 d6 8. c3 O-O 9. h3 Na5 10. Bc2 c5 11. d4 Qc7 12. Nbd2 Nc6
13. d5 Nd8 14. a4 Rb8 15. Nf1 Ne8 16. Ng3 g6 17. axb5 axb5 18. Bh6 Ng7 19. Qd2
f6 20. Nh2 Nf7 21. Bxg7 Kxg7 22. Bd1 h5 23. f4 exf4 24. Qxf4 Ne5 25. Be2 Bd7
26. Nf3 b4 27. c4 Ra8 28. Nh4 Kh7 29. Nf3 Ra5 30. Nf1 Rfa8 31. Rab1 Rf8 32. Ne3
Qc8 33. Rf1 Ra8 34. Nh2 f5 35. exf5 Bxf5 36. Nxf5 Rxf5 37. Qe4 Rxf1+ 38. Rxf1
Kg7 39. Nf3 Bf6 40. Ne1 Qe8 41. b3 Nf7 42. Qf3 Bd4+ 43. Kh1 Ng5 44. Qd3 Ne4 45.
Kh2 Qe5+ 46. g3 Nxg3 47. Qxg3 Qxe2+ 48. Qg2 Ra2 49. Qxe2 Rxe2+ 50. Ng2 Rb2 51.
Rf3 Bc3 52. h4 Rxb3 53. Kh3 Rb1 54. Nf4 Be5 55. Ne6+ Kh6 56. Rf7 Rh1+ 57. Kg2
Rxh4 58. Rb7 Rxc4 59. Nd8 Kg5 60. Ne6+ Kg4 61. Kf2 h4 62. Rb8 g5 63. Rg8 Bf4
0-1

[Event "Yuri Averbakh's 85-jubilee "]
[Site "CCC"]
[Date "2007.03.01"]
[Round "6"]
[White "Zakirov, Rustam"]
[Black "Maksimov, Sergei"]
[Result "0-1"]
[ECO "A37"]
[WhiteElo "2279"]
[BlackElo "2262"]
[Annotator "Deniapkin,Konstantin"]
[PlyCount "132"]
[TimeControl "180"]

{48MB, Shredder9.ctg, COMPUTER} 1. c4 c5 2. Nc3 Nc6 3. Nf3 g6 4. g3 Bg7 5. Bg2
d6 6. d3 e5 7. O-O f5 8. Bg5 Nge7 9. Nd2 h6 10. Bxe7 Nxe7 11. Rb1 O-O 12. b4
Rb8 13. bxc5 dxc5 14. Qc2 b6 15. a4 e4 16. dxe4 Nc6 17. Nd5 Nd4 18. Qd3 Bd7 19.
e3 Ne6 20. a5 bxa5 21. Rxb8 Qxb8 22. Ne7+ Kf7 23. Nxf5 Bc6 24. Nxg7 Kxg7 25.
Qc3+ Kg8 26. Qxa5 Rd8 27. Rb1 Qe5 28. f4 Qd6 29. e5 Qd3 30. Rb3 Qe2 31. Bd5
Bxd5 32. cxd5 Rxd5 33. Rb8+ Nf8 34. Rd8 Qxe3+ 35. Kg2 Qe2+ 36. Kh3 Qd3 37. Qa2
c4 38. Rxd5 Qxd5 39. Qxc4 Qxc4 40. Nxc4 Kf7 41. g4 Ke6 42. Kg3 Kd5 43. Na5 Ke4
44. Nc6 a6 45. Nb4 a5 46. Na2 Kd4 47. h4 h5 48. Kf3 a4 49. gxh5 gxh5 50. e6
Nxe6 51. f5 Nf8 52. Kf4 Nh7 53. f6 Nxf6 54. Kg5 Ke5 55. Kg6 a3 56. Kg5 Ke6 57.
Kg6 Ke7 58. Nb4 Ke6 59. Na2 Ng4 60. Kxh5 Kf5 61. Nc3 Ne5 62. Kh6 Ng6 63. Kh5
Nf4+ 64. Kh6 Kg4 65. Kg7 Kxh4 66. Kf6 Nd5+ 0-1

[Event "Yuri Averbakh's 85-jubilee "]
[Site "CCC"]
[Date "2007.03.03"]
[Round "7"]
[White "Murzin, Lenar"]
[Black "Sadykov, Aidar"]
[Result "1/2-1/2"]
[ECO "E15"]
[WhiteElo "2205"]
[BlackElo "2266"]
[Annotator "Deniapkin,Konstantin"]
[PlyCount "228"]
[TimeControl "180"]

{48MB, Shredder9.ctg, COMPUTER} 1. d4 Nf6 2. c4 e6 3. Nf3 b6 4. g3 Ba6 5. b3
Bb4+ 6. Bd2 Be7 7. Bg2 c6 8. O-O O-O 9. Qc2 d5 10. Rd1 Nbd7 11. Bf4 Rc8 12. Nc3
b5 13. c5 b4 14. Na4 Ne4 15. a3 bxa3 16. Rxa3 Bb5 17. Nb2 Ra8 18. Rda1 a6 19.
Nd3 g5 20. Bc1 g4 21. Nfe5 Nxe5 22. Nxe5 f5 23. f3 Nf6 24. Bh6 Re8 25. Qd2 Nd7
26. Nxd7 Qxd7 27. fxg4 e5 28. gxf5 Qxf5 29. Be3 Bf6 30. Rf1 Qe6 31. Ra2 exd4
32. Bxd4 Bxd4+ 33. Qxd4 Qe3+ 34. Qxe3 Rxe3 35. b4 Rxe2 36. Rxe2 Bxe2 37. Rf6
Bb5 38. Bh3 a5 39. bxa5 Rxa5 40. Bd7 Ra1+ 41. Kg2 Rc1 42. Bxc6 Rxc5 43. Bxb5
Rxb5 44. Kf3 Rb2 45. h4 Rb3+ 46. Kf4 Rb4+ 47. Kg5 Rb5 48. Rd6 Rb3 49. g4 d4 50.
Rxd4 Rb5+ 51. Kf6 Rb6+ 52. Ke5 h6 53. Rd6 Rb4 54. Kf5 Kg7 55. Rg6+ Kh7 56. Re6
Rb5+ 57. Re5 Rb4 58. Re7+ Kg8 59. Re4 Rb5+ 60. Kg6 Rb6+ 61. Kh5 Kg7 62. Re7+
Kg8 63. Rd7 Rc6 64. Rd5 Kg7 65. Rf5 Rb6 66. Ra5 Rc6 67. Ra7+ Kg8 68. g5 hxg5
69. hxg5 Rb6 70. Ra4 Kg7 71. Re4 Rb7 72. Re6 Rb1 73. Re7+ Kg8 74. Kh6 Rb8 75.
Ra7 Rc8 76. Rg7+ Kh8 77. Rg6 Rb8 78. Re6 Rc8 79. Kg6 Kg8 80. Kf6 Rf8+ 81. Kg6
Rc8 82. Rf6 Rb8 83. Kh6 Rc8 84. Ra6 Rb8 85. Rg6+ Kh8 86. Rg7 Rc8 87. Rb7 Ra8
88. g6 Rc8 89. Re7 Kg8 90. Re6 Rb8 91. Kg5 Rf8 92. Re7 Rb8 93. Rf7 Rc8 94. Kh6
Rb8 95. Rg7+ Kh8 96. Re7 Rc8 97. Kg5 Kg8 98. Rf7 Rb8 99. Re7 Rc8 100. Kf6 Rf8+
101. Rf7 Rc8 102. Rg7+ Kh8 103. Re7 Kg8 104. Ke6 Rc6+ 105. Kf5 Rc8 106. Kf6
Rf8+ 107. Rf7 Rc8 108. Kg5 Rb8 109. Kh6 Rc8 110. Rf6 Rb8 111. g7 Rc8 112. Kg6
Rb8 113. Rf8+ Rxf8 114. gxf8=R+ Kxf8 1/2-1/2

[Event "Yuri Averbakh's 85-jubilee "]
[Site "CCC"]
[Date "2007.03.03"]
[Round "7"]
[White "Kniazev, Igor"]
[Black "Zakirov, Rustam"]
[Result "1-0"]
[ECO "B18"]
[WhiteElo "2254"]
[BlackElo "2279"]
[Annotator "Deniapkin,Konstantin"]
[PlyCount "47"]
[TimeControl "180"]

{48MB, Shredder9.ctg, COMPUTER} 1. e4 c6 2. d4 d5 3. Nc3 dxe4 4. Nxe4 Bf5 5.
Ng3 Bg6 6. N1e2 Nf6 7. Nf4 Nd5 8. h4 Nxf4 9. Bxf4 h6 10. Bc4 e6 11. Qe2 Bd6 12.
Be5 Qa5+ 13. c3 Bxe5 14. Qxe5 Qxe5+ 15. dxe5 Nd7 16. f4 Nb6 17. Bb3 Ke7 18. Ke2
Rhd8 19. Rad1 f6 20. exf6+ gxf6 21. Kf3 Bd3 22. Rhe1 Bc4 23. Nf5+ Kf7 24. Nd6+
1-0

[Event "Yuri Averbakh's 85-jubilee "]
[Site "CCC"]
[Date "2007.03.03"]
[Round "7"]
[White "Mironov, Vyacheslav"]
[Black "Dimukhametov, Artur"]
[Result "0-1"]
[ECO "C14"]
[WhiteElo "2025"]
[BlackElo "2211"]
[Annotator "Deniapkin,Konstantin"]
[PlyCount "132"]
[TimeControl "180"]

{48MB, Shredder9.ctg, COMPUTER} 1. d4 Nf6 2. Nc3 d5 3. Bg5 e6 4. e4 Be7 5. e5
Nfd7 6. Bxe7 Qxe7 7. Nf3 a6 8. Be2 c5 9. dxc5 Qxc5 10. O-O Nc6 11. Re1 Qb4 12.
Rb1 Ncxe5 13. Nxe5 Nxe5 14. Bxa6 Rxa6 15. Rxe5 O-O 16. a3 Qf4 17. Re3 Bd7 18.
Ne2 Qa4 19. f4 Rc8 20. c3 Qxd1+ 21. Rxd1 Rb6 22. Rd2 f6 23. Nd4 Kf7 24. Rde2
Rg8 25. Kf2 g5 26. g3 gxf4 27. gxf4 Rg4 28. Kf3 Rg1 29. a4 Rf1+ 30. Kg3 Ra6 31.
b3 Ra8 32. Nxe6 Rg8+ 33. Kh4 h5 34. Ng5+ fxg5+ 35. fxg5 Bg4 36. Rd2 Be6 37.
Rde2 Rf4+ 38. Kg3 Rg4+ 39. Kf3 R4xg5 40. Kf2 Rg2+ 41. Ke1 Rxe2+ 42. Rxe2 Rg1+
43. Kd2 Bg4 44. Rf2+ Ke7 45. b4 Ra1 46. a5 Ra2+ 47. Ke3 Rxf2 48. Kxf2 Kd6 49.
Ke3 Bd7 50. Kd4 Bb5 51. h4 Kc6 52. Ke5 Bc4 53. Kd4 b6 54. axb6 Kxb6 55. Ke5 Kc6
56. Kf5 Be2 57. Ke5 Bd3 58. Kf4 Kb5 59. Ke5 Be4 60. Kd4 Bg2 61. Kd3 Ka4 62. Kd4
Kb5 63. Kd3 Bf1+ 64. Kd4 Bc4 65. Ke5 Ka4 66. Kd4 Kb3 0-1

[Event "Yuri Averbakh's 85-jubilee "]
[Site "CCC"]
[Date "2007.03.03"]
[Round "7"]
[White "Davletshin, Mars"]
[Black "Aleksandrov, Vladimir"]
[Result "0-1"]
[ECO "D86"]
[WhiteElo "2112"]
[BlackElo "2300"]
[Annotator "Deniapkin,Konstantin"]
[PlyCount "48"]
[TimeControl "180"]

{48MB, Shredder9.ctg, COMPUTER} 1. d4 Nf6 2. c4 g6 3. Nc3 d5 4. cxd5 Nxd5 5. e4
Nxc3 6. bxc3 Bg7 7. Bc4 c5 8. Nf3 Nc6 9. Be3 cxd4 10. cxd4 Qa5+ 11. Bd2 Qd8 12.
d5 Ne5 13. Nxe5 Bxe5 14. Rb1 O-O 15. O-O Qc7 16. Rc1 Bxh2+ 17. Kh1 Bf4 18. Bb3
Qe5 19. Bc3 Qg5 20. g3 Bg4 21. Qd4 Bf3+ 22. Kg1 f6 23. d6+ Kg7 24. Bd1 Bxg3 0-1

[Event "Yuri Averbakh's 85-jubilee "]
[Site "CCC"]
[Date "2007.03.03"]
[Round "7"]
[White "Moukhametov, Alfat"]
[Black "Alyautdinov, Rushan"]
[Result "0-1"]
[ECO "A44"]
[WhiteElo "2089"]
[BlackElo "2186"]
[Annotator "Deniapkin,Konstantin"]
[PlyCount "98"]
[TimeControl "180"]

{48MB, Shredder9.ctg, COMPUTER} 1. d4 c5 2. d5 e5 3. e4 d6 4. Nc3 Be7 5. Nf3
Bg4 6. h3 Bxf3 7. Qxf3 Bg5 8. Bxg5 Qxg5 9. Nb5 Qd8 10. Qg4 Kf8 11. Nxd6 Nf6 12.
Qc8 Qxc8 13. Nxc8 Nxe4 14. Bd3 Nf6 15. Nd6 b6 16. O-O-O Nbd7 17. c4 g6 18. Rhe1
a6 19. Ne4 Nxe4 20. Bxe4 f5 21. Bc2 Ke7 22. Ba4 Rae8 23. Rd3 Kd6 24. Rb3 b5 25.
cxb5 Nb6 26. Ra3 Ra8 27. Rd1 Nxa4 28. Rxa4 axb5 29. Rxa8 Rxa8 30. a3 Ra4 31.
Rd3 Rc4+ 32. Kb1 Rd4 33. Rb3 b4 34. axb4 cxb4 35. Kc2 Kxd5 36. Re3 e4 37. Re1
Rd3 38. Ra1 b3+ 39. Kc1 e3 40. fxe3 Ke4 41. Ra7 Kxe3 42. Rxh7 Kf2 43. g4 f4 44.
Rg7 f3 45. Rxg6 Kg2 46. Rf6 f2 47. g5 f1=Q+ 48. Rxf1 Kxf1 49. h4 Ke2 0-1

[Event "Yuri Averbakh's 85-jubilee "]
[Site "CCC"]
[Date "2007.03.03"]
[Round "7"]
[White "Maksimov, Sergei"]
[Black "Gavariev, Renat"]
[Result "0-1"]
[ECO "E20"]
[WhiteElo "2262"]
[BlackElo "2309"]
[Annotator "Deniapkin,Konstantin"]
[PlyCount "168"]
[TimeControl "180"]

{48MB, Shredder9.ctg, COMPUTER} 1. d4 Nf6 2. c4 e6 3. Nc3 Bb4 4. f3 d5 5. e3
O-O 6. cxd5 Nxd5 7. Bd2 c5 8. a3 Ba5 9. Nge2 cxd4 10. Nxd4 Nxc3 11. Bxc3 Bxc3+
12. bxc3 e5 13. Ne2 Qb6 14. Qc1 Rd8 15. Rb1 Qc7 16. Ng3 Nc6 17. Be2 Be6 18. O-O
Na5 19. f4 Nb3 20. Qe1 Nd2 21. f5 Nxf1 22. Bxf1 Bd5 23. f6 g6 24. Nf5 Kh8 25.
Ne7 Qd6 26. Qh4 Qe6 27. Be2 Rd6 28. Rf1 Qd7 29. e4 Bb3 30. Rf3 Rd1+ 31. Bxd1
Qxd1+ 32. Rf1 Qd2 33. Qg3 Bc4 34. Re1 Rd8 35. Nd5 Rd6 36. Qe3 Qxe3+ 37. Nxe3 b5
38. Ng4 h5 39. Nxe5 Rxf6 40. a4 Kg7 41. axb5 Bxb5 42. Ra1 Re6 43. Nf3 a6 44.
Nd4 Rxe4 45. Kf2 Kf6 46. Ra5 Re5 47. h4 Rc5 48. Ra3 Ke5 49. Ke3 Bc4 50. Ra1 Bd5
51. Kd2 Bxg2 52. Rxa6 Bd5 53. Ra4 f6 54. Kd3 Be4+ 55. Kd2 g5 56. Ne2 gxh4 57.
Ke3 f5 58. Kf2 h3 59. Kg3 Bd3 60. Ng1 Rxc3 61. Ra5+ Kf6 62. Kxh3 Kg5 63. Ra7
Be4+ 64. Kh2 Rc2+ 65. Kh3 Rc3+ 66. Kh2 Re3 67. Nh3+ Kh4 68. Nf4 Kg4 69. Ne6
Re2+ 70. Kg1 Rb2 71. Rg7+ Kf3 72. Ng5+ Ke3 73. Nxe4 fxe4 74. Rg5 Kd3 75. Rd5+
Ke2 76. Rxh5 Rb1+ 77. Kg2 Rb8 78. Kg3 Rf8 79. Ra5 Rf3+ 80. Kg4 Rd3 81. Kf4 e3
82. Ke4 Rb3 83. Ra2+ Kf1 84. Ra1+ Kf2 0-1

[Event "Yuri Averbakh's 85-jubilee "]
[Site "CCC"]
[Date "2007.03.05"]
[Round "8"]
[White "Sadykov, Aidar"]
[Black "Moukhametov, Alfat"]
[Result "1/2-1/2"]
[ECO "C34"]
[WhiteElo "2266"]
[BlackElo "2089"]
[Annotator "Deniapkin,Konstantin"]
[PlyCount "92"]
[TimeControl "180"]

{48MB, Shredder9.ctg, COMPUTER} 1. e4 e5 2. f4 exf4 3. Nf3 Nc6 4. Nc3 d6 5. d4
Nf6 6. Bxf4 Bg4 7. Bb5 a6 8. Bxc6+ bxc6 9. O-O Be7 10. Qe1 O-O 11. Qg3 Qd7 12.
Qf2 Rab8 13. b3 Bh5 14. Qe2 a5 15. Qd3 Qg4 16. Qd2 Bg6 17. Rae1 h6 18. h3 Qd7
19. e5 Nd5 20. Bg3 Nb4 21. Rc1 Ra8 22. a3 Nd5 23. Rce1 Bh5 24. exd6 Bxd6 25.
Bxd6 Qxd6 26. Nxd5 cxd5 27. b4 axb4 28. axb4 Ra4 29. c3 Rfa8 30. Nh4 Bg6 31.
Nxg6 Qxg6 32. Qf4 Ra2 33. Rf2 R8a3 34. Rxa2 Rxa2 35. Qf3 c6 36. Re2 Ra1+ 37.
Kh2 Qd6+ 38. g3 Qg6 39. Re8+ Kh7 40. Re2 Kg8 41. g4 Kh7 42. Qe3 Rd1 43. Rd2 Rf1
44. Kg2 Rf6 45. Qd3 Qxd3 46. Rxd3 Re6 1/2-1/2

[Event "Yuri Averbakh's 85-jubilee "]
[Site "CCC"]
[Date "2007.03.05"]
[Round "8"]
[White "Zakirov, Rustam"]
[Black "Gavariev, Renat"]
[Result "0-1"]
[ECO "A34"]
[WhiteElo "2279"]
[BlackElo "2309"]
[Annotator "Deniapkin,Konstantin"]
[PlyCount "68"]
[TimeControl "180"]

{48MB, Shredder9.ctg, COMPUTER} 1. Nf3 Nf6 2. c4 c5 3. Nc3 d5 4. cxd5 Nxd5 5.
g3 Nc6 6. Bg2 Nc7 7. O-O e5 8. d3 Be7 9. b3 O-O 10. Bb2 f6 11. Rc1 Bd7 12. Nd2
Rc8 13. f4 b6 14. f5 Nd4 15. g4 Bc6 16. Bxc6 Nxc6 17. Nce4 Nd5 18. Rf3 Nd4 19.
Bxd4 cxd4 20. Nf1 Qd7 21. h4 Rxc1 22. Qxc1 Rc8 23. Qe1 Nf4 24. Nfg3 Rc2 25. a4
Ba3 26. Kh2 Qc6 27. g5 Be7 28. Qf2 fxg5 29. hxg5 Bxg5 30. f6 gxf6 31. Nf5 Qe6
32. Nxd4 exd4 33. Rxf4 Qe5 34. Nxf6+ Kh8 0-1

[Event "Yuri Averbakh's 85-jubilee "]
[Site "CCC"]
[Date "2007.03.05"]
[Round "8"]
[White "Alyautdinov, Rushan"]
[Black "Mironov, Vyacheslav"]
[Result "1-0"]
[ECO "B28"]
[WhiteElo "2186"]
[BlackElo "2025"]
[Annotator "Deniapkin,Konstantin"]
[PlyCount "41"]
[TimeControl "180"]

{48MB, Shredder9.ctg, COMPUTER} 1. e4 c5 2. Nf3 a6 3. c3 d6 4. d4 cxd4 5. cxd4
Nf6 6. Nc3 Nc6 7. Bd3 g6 8. h3 Bg7 9. O-O O-O 10. Be3 b5 11. Qd2 Bb7 12. Bh6
Nb4 13. Bb1 Nc6 14. a4 b4 15. Ne2 a5 16. Ng3 Qb6 17. Bxg7 Kxg7 18. Qg5 h6 19.
Nf5+ Kg8 20. Nxh6+ Kh7 21. e5 1-0

[Event "Yuri Averbakh's 85-jubilee "]
[Site "CCC"]
[Date "2007.03.05"]
[Round "8"]
[White "Dimukhametov, Artur"]
[Black "Maksimov, Sergei"]
[Result "1/2-1/2"]
[ECO "E76"]
[WhiteElo "2211"]
[BlackElo "2262"]
[Annotator "Deniapkin,Konstantin"]
[PlyCount "83"]
[TimeControl "180"]

{48MB, Shredder9.ctg, COMPUTER} 1. d4 Nf6 2. c4 c5 3. d5 g6 4. Nc3 d6 5. e4 Bg7
6. f4 O-O 7. Nf3 Bg4 8. Be2 Bxf3 9. Bxf3 Ne8 10. O-O Bd4+ 11. Kh1 e5 12. Ne2
Nd7 13. Nxd4 exd4 14. Bd2 f5 15. exf5 gxf5 16. Qe2 Ng7 17. Rae1 Re8 18. Qd3 Nf6
19. b4 b6 20. Rxe8+ Qxe8 21. Be1 Qg6 22. Bh4 Re8 23. bxc5 bxc5 24. Rb1 Ng4 25.
h3 Ne3 26. Re1 Nh5 27. Bf2 Nxf4 28. Qd2 Nh5 29. Bxe3 Ng3+ 30. Kg1 dxe3 31. Rxe3
Rxe3 32. Qxe3 Ne4 33. Bxe4 fxe4 34. Qb3 Qf6 35. Qb8+ Kg7 36. Qxa7+ Kg6 37. Qa4
Qd4+ 38. Kf1 Qd3+ 39. Ke1 Qe3+ 40. Kf1 Qd3+ 41. Ke1 Qe3+ 42. Kf1 1/2-1/2

[Event "Yuri Averbakh's 85-jubilee "]
[Site "CCC"]
[Date "2007.03.05"]
[Round "8"]
[White "Kniazev, Igor"]
[Black "Davletshin, Mars"]
[Result "0-1"]
[ECO "C68"]
[WhiteElo "2254"]
[BlackElo "2112"]
[Annotator "Deniapkin,Konstantin"]
[PlyCount "72"]
[TimeControl "180"]

{48MB, Shredder9.ctg, COMPUTER} 1. e4 e5 2. Nf3 Nc6 3. Bb5 a6 4. Bxc6 dxc6 5.
d4 exd4 6. Nxd4 c5 7. Nf3 Qxd1+ 8. Kxd1 Bg4 9. Ke2 O-O-O 10. Nc3 Ne7 11. h3 Be6
12. Ng5 Bc4+ 13. Kf3 f6 14. b3 Bg8 15. Re1 fxg5 16. Bxg5 h6 17. Be3 Nc6 18.
Rad1 Nd4+ 19. Kg3 Bd6+ 20. f4 Nxc2 21. e5 Nxe3 22. Rxe3 Be7 23. Rxd8+ Bxd8 24.
Ne4 b6 25. f5 Bh7 26. Kf4 Rf8 27. g4 Be7 28. Kf3 Kd7 29. Ng3 Kc6 30. Ke4 Rd8
31. Nh5 g6 32. Ng7 Bg5 33. Ne6 Rd2 34. Rf3 gxf5+ 35. gxf5 Re2+ 36. Kd3 Rxe5 0-1

[Event "Yuri Averbakh's 85-jubilee "]
[Site "CCC"]
[Date "2007.02.21"]
[Round "3"]
[White "Moukhametov, Alfat"]
[Black "Mironov, Vyacheslav"]
[Result "0-1"]
[ECO "A44"]
[WhiteElo "2089"]
[BlackElo "2025"]
[Annotator "Deniapkin,Konstantin"]
[PlyCount "64"]
[TimeControl "180"]

{48MB, Shredder9.ctg, COMPUTER} 1. d4 c5 2. d5 e5 3. e4 d6 4. Nc3 a6 5. a4 Nf6
6. Bd3 g6 7. Nf3 Nbd7 8. Bg5 Bg7 9. O-O O-O 10. Qd2 b6 11. b3 Qc7 12. h3 Nh5
13. Ne2 f5 14. g3 Ndf6 15. Bxf6 Nxf6 16. Ng5 fxe4 17. Bxe4 Nxe4 18. Nxe4 Bxh3
19. Rfe1 Qf7 20. Qe3 Qd7 21. c4 Bg4 22. Rab1 Bf3 23. Kh2 Qf5 24. Ng5 Bxe2 25.
Rxe2 Qxb1 26. f4 Qf5 27. Ne6 exf4 28. gxf4 Qh5+ 29. Kg3 Rae8 30. Rh2 Qf5 31.
Qf3 Rxe6 32. dxe6 Qxe6 0-1

[Event "Yuri Averbakh's 85-jubilee "]
[Site "CCC"]
[Date "2007.02.19"]
[Round "2"]
[White "Zakirov, Rustam"]
[Black "Moukhametov, Alfat"]
[Result "1-0"]
[ECO "D35"]
[WhiteElo "2279"]
[BlackElo "2089"]
[Annotator "Deniapkin,Konstantin"]
[PlyCount "59"]
[TimeControl "180"]

{48MB, Shredder9.ctg, COMPUTER} 1. Nf3 Nf6 2. c4 e6 3. Nc3 d5 4. cxd5 exd5 5.
d4 Be7 6. Bg5 O-O 7. Bxf6 Bxf6 8. e3 c6 9. Bd3 Bg4 10. Qc2 g6 11. O-O-O Re8 12.
h3 Bd7 13. g4 b5 14. Rdg1 Na6 15. h4 Qc8 16. g5 Nb4 17. Qb1 Nxd3+ 18. Qxd3 Bg7
19. Nd2 Bf5 20. Qf1 a5 21. Nb3 Bf8 22. h5 Qe6 23. hxg6 Bxg6 24. Qh3 Bf5 25. Qh4
Reb8 26. g6 h6 27. Nc5 Bxc5 28. Qxh6 fxg6 29. Qh8+ Kf7 30. Rh7# 1-0

[Event "Yuri Averbakh's 85-jubilee "]
[Site "CCC"]
[Date "2007.02.27"]
[Round "5"]
[White "Moukhametov, Alfat"]
[Black "Gavariev, Renat"]
[Result "0-1"]
[ECO "B17"]
[WhiteElo "2089"]
[BlackElo "2309"]
[Annotator "Deniapkin,Konstantin"]
[PlyCount "56"]
[TimeControl "180"]

{48MB, Shredder9.ctg, COMPUTER} 1. e4 c6 2. d4 d5 3. Nc3 dxe4 4. Nxe4 Nd7 5.
Nf3 Ngf6 6. Ng3 Qc7 7. Bd3 e6 8. O-O Be7 9. Re1 c5 10. c3 O-O 11. Bd2 b6 12.
Qc1 Bb7 13. Ne4 Nxe4 14. Bxe4 Bxe4 15. Rxe4 Rac8 16. Bg5 Nf6 17. Rh4 Rfd8 18.
Qc2 h6 19. Be3 Nd5 20. Rh3 Bf6 21. Qe4 Qd7 22. Re1 cxd4 23. Bxd4 Qb5 24. Qb1
Nf4 25. Rxh6 gxh6 26. Bxf6 Rd3 27. Re5 Rc5 28. Nd4 Qxb2 0-1

[Event "Yuri Averbakh's 85-jubilee "]
[Site "CCC"]
[Date "2007.03.07"]
[Round "9"]
[White "Murzin, Lenar"]
[Black "Kniazev, Igor"]
[Result "1/2-1/2"]
[ECO "A58"]
[WhiteElo "2205"]
[BlackElo "2254"]
[Annotator "Deniapkin,Konstantin"]
[PlyCount "28"]
[TimeControl "180"]

{48MB, Shredder9.ctg, COMPUTER} 1. d4 Nf6 2. c4 c5 3. d5 b5 4. cxb5 a6 5. bxa6
Bxa6 6. Nc3 g6 7. Nf3 Bg7 8. Nd2 Qa5 9. e4 Bxf1 10. Kxf1 d6 11. Qe2 O-O 12. g3
Nbd7 13. Kg2 Rfb8 14. Re1 Ne8 1/2-1/2

[Event "Yuri Averbakh's 85-jubilee "]
[Site "CCC"]
[Date "2007.03.07"]
[Round "9"]
[White "Davletshin, Mars"]
[Black "Zakirov, Rustam"]
[Result "0-1"]
[ECO "E90"]
[WhiteElo "2112"]
[BlackElo "2279"]
[Annotator "Deniapkin,Konstantin"]
[PlyCount "59"]
[TimeControl "180"]

{48MB, Shredder9.ctg, COMPUTER} 1. d4 Nf6 2. c4 g6 3. Nc3 Bg7 4. e4 d6 5. Nf3
Bg4 6. h3 Bxf3 7. Qxf3 Nfd7 8. Be3 Nc6 9. O-O-O O-O 10. h4 h5 11. g4 Nf6 12.
gxh5 Nxh5 13. Be2 e6 14. Qg2 Qf6 15. Bg5 Nf4 16. Qg4 Nxe2+ 17. Nxe2 Qxf2 18.
Rhf1 f5 19. Rxf2 fxg4 20. Rg2 g3 21. Rxg3 Rf2 22. Rd2 Raf8 23. Be3 R2f3 24.
Rxf3 Rxf3 25. Bg5 Nb4 26. a3 Rf1+ 27. Rd1 Nd3+ 28. Kd2 Rxd1+ 29. Kxd1 Nxb2+ 30.
Kc2 0-1

[Event "Yuri Averbakh's 85-jubilee "]
[Site "CCC"]
[Date "2007.03.07"]
[Round "9"]
[White "Maksimov, Sergei"]
[Black "Alyautdinov, Rushan"]
[Result "0-1"]
[ECO "A04"]
[WhiteElo "2262"]
[BlackElo "2186"]
[Annotator "Deniapkin,Konstantin"]
[PlyCount "74"]
[TimeControl "180"]

{48MB, Shredder9.ctg, COMPUTER} 1. e4 c5 2. Nf3 Nc6 3. g3 g6 4. Bg2 Bg7 5. O-O
e5 6. d3 Nge7 7. Be3 d6 8. Nh4 O-O 9. f4 exf4 10. Bxf4 Bxb2 11. Nd2 Bxa1 12.
Qxa1 f6 13. Bh6 Rf7 14. Rxf6 Ne5 15. Rxf7 Kxf7 16. Nc4 Be6 17. Qf1+ Ke8 18. Qf6
Bxc4 19. Bh3 Bf7 20. Qg7 Nd7 21. Nf3 Ng8 22. Bxd7+ Kxd7 23. Qxf7+ Qe7 24. Qd5
Rb8 25. Bf4 Nf6 26. Qb3 Nh5 27. Qb5+ Kc8 28. Bg5 Qd7 29. Qc4 Kc7 30. e5 Rf8 31.
e6 Qc6 32. Nd2 d5 33. e7 Rf1+ 34. Kxf1 dxc4 35. Nxc4 Qh1+ 36. Ke2 Qxh2+ 37. Kd1
Ng7 0-1